 Dungeon Crawl Stone Soup version 0.29.1-1-gd02db6906a (webtiles) character file.

Game seed: 14034981783902738048

1991 Icepheonix32 the Zephyrmancer (level 9, -9/45 HPs)
             Began as a Tengu Air Elementalist on Sept 25, 2022.
             Was a Believer of Vehumet.
             Killed from afar by an electric eel (16 damage)
             ... with a bolt of electricity
             ... in a bailey.
             The game lasted 00:16:13 (8222 turns).

Icepheonix32 the Zephyrmancer (TeAE)                Turns: 8222, Time: 00:16:13

Health: -9/45      AC:  4    Str: 10    XL:     9   Next: 21%
Magic:  17/17      EV: 19    Int: 15    God:    Vehumet [**....]
Gold:   315        SH:  0    Dex: 24    Spells: 8/18 levels left

rFire   . . .      SeeInvis +   p - +4 dagger (drain)
rCold   . . .      Faith    .   (no shield)
rNeg    . . .      Spirit   .   I - +1 robe {Will+}
rPois   .          Reflect  .   (helmet restricted)
rElec   .          Harm     .   D - +0 cloak
rCorr   .          Rampage  .   (no gloves)
Will    +....                   (boots unavailable)
Stlth   ++++......              h - amulet of Seurgh {RegenMP SInv Stlth+}
HPRegen 0.15/turn               k - +6 ring of dexterity
MPRegen 0.55/turn               (no ring)

@: flying quickly and evasively, quick
A: beak, talons 3, nimble flight
a: Renounce Religion


You were in a bailey.
You worshipped Vehumet.
Vehumet was pleased with you.
You visited 2 branches of the dungeon, and saw 8 of its levels.
You also visited: Sewer and Bailey.

You collected 315 gold pieces.

Inventory:

Hand Weapons
 p - a +4 dagger of draining (weapon)
 q - a +0 hand axe
 r - a +0 short sword
 A - a +0 vampiric spear
 K - a +2 quarterstaff of chaos
Missiles
 y - a throwing net
 B - 3 datura-tipped darts
Armour
 D - a +0 cloak (worn)
 I - a +1 robe of willpower (worn)
Magical Staves
 l - a staff of cold
Jewellery
 h - the amulet of Seurgh (around neck) {RegenMP SInv Stlth+}
   (You acquired it on level 3 of the Dungeon)

   [amulet of magic regeneration]

   It increases your rate of magic regeneration.
   SInv:      It lets you see invisible.
   Stlth:     It makes you more stealthy.
 k - a +6 ring of dexterity (left hand)
 n - an amulet of reflection
 s - an amulet of faith
 w - a ring of fire
 C - a ring of willpower
Scrolls
 a - a scroll of identify
 c - 2 scrolls of teleportation
 i - 2 scrolls of immolation
 j - 3 scrolls of blinking
 o - a scroll of amnesia
 v - a scroll of silence
 x - 2 scrolls of vulnerability
Potions
 b - a potion of magic
 d - a potion of resistance
 e - a potion of heal wounds
 f - 2 potions of brilliance
 t - a potion of berserk rage
 z - a potion of mutation
 E - a potion of invisibility
 G - a potion of attraction


   Skills:
 + Level 0.2 Short Blades
 * Level 5.4 Dodging
 + Level 2.7 Stealth
 + Level 5.1 Spellcasting
 * Level 8.5 Conjurations
 * Level 9.6 Air Magic


You had 8 spell levels left.
You knew the following spells:

 Your Spells              Type           Power      Damage    Failure   Level
a - Shock                 Conj/Air       100%       1d9       1%          1
b - Static Discharge      Conj/Air       31%        3-7/arc   1%          2
c - Airstrike             Air            16%        2d(3-19)  3%          4
d - Swiftness             Air            32%        N/A       1%          3

Your spell library contained the following spells:

 Spells                   Type           Power      Damage    Failure   Level
 Sandblast                Erth           6%         2d5       16%         1
 Ensorcelled Hibernation  Hex/Ice        6%         N/A       24%         2
 Passwall                 Tmut/Erth      2%         N/A       24%         2
 Gell's Gravitas          Tloc           3%         N/A       43%         3
 Teleport Other           Tloc           3%         N/A       43%         3
 Dispersal                Tloc           1%         N/A       100%        6


Dungeon Overview and Level Annotations

Branches:
Dungeon (7/15)             Temple (1/1) D:4           Sewer (visited)
 Bailey (1/1)

Altars:
Ashenzari
Cheibriados
Dithmenos
Fedhas
Kikubaaqudgha
Makhleb
Okawaru
Ru
Trog
Vehumet
Wu Jian
Xom
Zin

Shops:
D:3 [

Annotations:
D:4 2 transporters


Innate Abilities, Weirdness & Mutations

You have a beak for a mouth.
You have claws for feet.
Your magical nature lets you fly swiftly and evasively.


Message History

Confirm with . or Enter, or press ? or * to list all spells.
You can't see any susceptible monsters within range! (Use Z to cast anyway.)
Casting: Shock (safe; 1% risk of failure)
Confirm with . or Enter, or press ? or * to list all spells.
Aiming: Shock (safe; 1% risk of failure)
Press: ? - help, Shift-Dir - straight line, f - electric eel
Aim: an electric eel (water, wandering, hasn't noticed you, 57% to hit)
The zap hits the electric eel.
The electric eel completely resists.
The electric eel shoots out a bolt of lightning at you!
The bolt of electricity misses you.
Unknown command.
The electric eel shoots out a bolt of lightning at you!
The bolt of electricity hits you!
You barely miss the electric eel. You claw the electric eel.
The electric eel is lightly wounded.
The electric eel shoots out a bolt of lightning at you!
The bolt of electricity hits you.
Unknown command.
You hit the electric eel. Your kick misses the electric eel.
The electric eel is moderately wounded.
The electric eel shoots out a bolt of lightning at you!
The bolt of electricity hits you!
* * * LOW HITPOINT WARNING * * *
You miss the electric eel.
The electric eel is moderately wounded.
The electric eel shoots out a bolt of lightning at you!
The bolt of electricity misses you.
Unknown command.
You feel better.
The electric eel shoots out a bolt of lightning at you!
The bolt of electricity hits you.
* * * LOW HITPOINT WARNING * * *
You closely miss the electric eel.
You claw the electric eel, but do no damage.
The electric eel is moderately wounded.
You closely miss the electric eel.
The electric eel is moderately wounded.
The electric eel shoots out a bolt of lightning at you!
The bolt of electricity hits you!
You die...

#≈≈≈≈≈≈≈≈≈≈≈≈≈≈≈≈
#≈≈≈≈≈≈≈≈≈≈≈≈≈≈≈≈
#≈≈≈≈≈≈≈≈≈≈≈≈≈≈≈≈
#≈≈≈≈≈≈≈≈≈≈≈≈≈≈≈≈
#≈≈≈≈≈≈≈≈≈≈≈≈≈≈≈S
#≈≈≈≈≈≈≈≈≈≈≈≈≈≈≈≈
#≈≈≈≈≈≈≈≈≈≈≈≈≈≈≈≈
#≈≈≈≈≈S≈≈≈≈≈≈≈≈≈≈
#≈≈≈≈@######~~~~~
#≈≈≈≈≈# .....
#≈≈≈≈≈# ####
#≈≈≈≈≈# #≈≈≈≈≈#
#≈≈≈≈≈###
#≈≈≈≈≈~.#
######.≈≈≈≈~.#
#......≈≈≈≈~.#


You could see an electric eel.

Vanquished Creatures
  A water moccasin (D:6)
  2 orc warriors (Bailey)
  Duvessa (D:6)
  An ogre (D:5)
  A centaur (D:6)
  A kobold brigand (D:6)
  2 necrophages
  2 bullfrogs (Sewer)
  2 scorpions
  Dowan (D:6)
  7 killer bees (D:6)
  A howler monkey (D:6)
  2 electric eels (Bailey)
  Crazy Yiuf (D:6)
  2 hounds
  A jelly (D:6)
  An iguana (D:6)
  An orc wizard (D:2)
  15 adders
  7 gnolls
  2 river rats (D:5)
  An ufetubus (D:6)
  3 worms (D:2)
  14 orcs
  11 ball pythons
  8 bats
  12 endoplasms
  16 giant cockroaches
  8 hobgoblins
  4 jackals (D:5)
  12 kobolds
  7 quokkas
  7 frilled lizards
  10 goblins
  7 rats
174 creatures vanquished.

Vanquished Creatures (others)
  4 plants
4 creatures vanquished.

Grand Total: 178 creatures vanquished

Notes
Turn   | Place    | Note
-------+----------+-------------------------------------------
     0 | D:1      | Icepheonix32 the Tengu Air Elementalist began the quest for
                  | the Orb.
     0 | D:1      | Reached XP level 1. HP: 10/10 MP: 4/4
   454 | D:1      | Reached XP level 2. HP: 15/15 MP: 3/6
  1049 | D:1      | Found a faded altar of an unknown god.
  1328 | D:2      | Reached skill level 5 in Air Magic
  1328 | D:2      | Reached XP level 3. HP: 17/19 MP: 4/7
  1420 | D:2      | Reached XP level 4. HP: 22/24 MP: 1/8
  2705 | D:3      | Identified a scroll of acquirement
  2705 | D:3      | Acquired the amulet of Seurgh {RegenMP SInv Stlth+}
  2825 | D:3      | Gained mutation: Your magical nature lets you fly swiftly
                  | and evasively. [Tengu growth]
  2825 | D:3      | Reached XP level 5. HP: 28/28 MP: 6/10
  3109 | D:3      | Found Ysaem's Antique Armour Emporium.
  3903 | D:4      | Noticed a small abomination
  3912 | D:4      | Found a transporter.
  3978 | D:4      | Reached skill level 6 in Air Magic
  3981 | D:4      | Learned a level 2 spell: Static Discharge
  3986 | D:4      | Learned a level 4 spell: Airstrike
  3990 | D:4      | Learned a level 3 spell: Swiftness
  4056 | D:4      | Found a transporter.
  4080 | D:4      | Found a staircase to the Ecumenical Temple.
  4260 | D:4      | Reached XP level 6. HP: 32/32 MP: 9/11
  4646 | Temple   | Entered the Ecumenical Temple
  4704 | Temple   | Became a worshipper of Vehumet
  5042 | D:4      | Found a sacrificial altar of Ru.
  5121 | D:5      | Entered Level 5 of the Dungeon
  5176 | D:5      | Found a glowing drain.
  5193 | Sewer    | Entered a sewer
  5445 | Sewer    | Reached skill level 5 in Conjurations
  5445 | Sewer    | Reached XP level 7. HP: 30/36 MP: 8/13
  5446 | Sewer    | Reached skill level 7 in Air Magic
  5453 | Sewer    | Reached * piety under Vehumet
  5453 | Sewer    | Offered knowledge of Magic Dart by Vehumet.
  6314 | D:6      | Found an iron altar of Okawaru.
  6373 | D:6      | Reached XP level 8. HP: 36/41 MP: 12/14
  6502 | D:6      | Reached skill level 8 in Air Magic
  6621 | D:6      | Found a glowing silver altar of Zin.
  6621 | D:6      | Found a shadowy altar of Dithmenos.
  6623 | D:6      | Found a broken altar of Ashenzari.
  6809 | D:6      | Found a runed translucent door.
  6810 | D:6      | Noticed Crazy Yiuf
  7010 | D:6      | Reached skill level 5 in Dodging
  7233 | D:6      | Offered knowledge of Sandblast by Vehumet.
  7331 | D:6      | Reached ** piety under Vehumet
  7356 | D:6      | Reached skill level 9 in Air Magic
  7447 | D:6      | Noticed Duvessa
  7447 | D:6      | Noticed Dowan
  7492 | D:6      | Killed Duvessa
  7493 | D:6      | Killed Dowan
  7494 | D:6      | Reached XP level 9. HP: 39/45 MP: 14/17
  7646 | D:6      | Paralysed by Crazy Yiuf for 2 turns
  7649 | D:6      | Killed Crazy Yiuf
  7915 | D:7      | Found a flagged portal.
  7925 | Bailey   | Entered a bailey
  8123 | Bailey   | Reached skill level 5 in Spellcasting
  8222 | Bailey   | Killed from afar by an electric eel

Illustrated notes

Levels and vault maps discovered:
D:1:      heliophobic_arrival_battle_scene, layout_loops_ring,
          dreamdust_ecumenical_altar_hidden_monk_grotto
D:2:      layout_loops_ring, patterned_corridor
D:3:      layout_basic, serial_shops, shop, grunt_ministairs_2, minmay_vboxes
D:4:      layout_loops_corners, nicolae_ru_path_of_blood,
          minmay_temple_entry_overgrown, gammafunk_ghost_abyssal_escape,
          minmay_misc_feat_pillars
D:5:      layout_basic, portal_sewer_entry_a, nicolae_fountain_basement
D:6:      layout_gridville, gammafunk_temple_overflow_forgotten,
          kennysheep_okawaru_gauntlet, uniq_crazy_yiuf_cottage, uniq_duvessa
D:7:      layout_layer_cave, tso_oasis_becter, enter_bailey_3
Temple:   hellmonk_temple_of_storms
Bailey:   bailey_axe_of_yendor_kennysheep, bailey

Skill      XL: |  1  2  3  4  5  6  7  8  9 |
---------------+----------------------------+-----
Air Magic      | 5 6 7 9 |  9.6
Conjurations   | 2 3 4 5 6 8 |  8.5
Spellcasting   | 3 4 5 |  5.1
Dodging        | 3 4 5 |  5.4
Short Blades   | |  0.2
Stealth        | |  2.7

Action                   |  1- 3 |  4- 6 |  7- 9 || total
-------------------------+-------+-------+-------++-------
Melee: Unarmed           |    12 |       |       ||    12
       Peck              |     1 |     2 |     7 ||    10
       Kick              |     4 |     4 |    11 ||    19
       Dagger            |     1 |    10 |    30 ||    41
       Spear             |       |     5 |       ||     5
 Cast: Shock             |    43 |   202 |   129 ||   374
       Static Discharge  |       |     6 |    11 ||    17
  Use: Scroll            |       |    18 |     8 ||    26
       Potion            |       |     3 |     5 ||     8
 Stab: Sleeping          |       |     1 |       ||     1
Armor: Robe              |       |     2 |     2 ||     4
Dodge: Dodged            |    12 |    37 |    50 ||    99
